Cogmind - Beta 11.1 @@@ ROGUE MODE // 2022.10.18 @ 18:48:37 Player: arcadio Result: Destroyed by S-10 Pest with Light Assault Rifle Performance ------------- Evolutions (1) 500 Regions Visited (3) 600 Robots Destroyed (16) 80 Value Destroyed (513) 513 Prototype IDs (4) 80 Alien Tech Used (0) 0 Bonus (0) 0 TOTAL SCORE: 1773 Bonus ------- None Cogmind --------- Core Integrity 0/400 Matter 256/300 Energy 99/100 System Corruption 0% Temperature Cool (0) Movement Core (50) Location -9/Materials Parts ------- > --- POWER (1) -------- (None) > --- PROPULSION (4) --- (None) > --- UTILITY (2) ------ Signal Interpreter > --- WEAPON (2) ------- (None) > --- INVENTORY (5) ---- Aluminum Leg Targeting Computer EMP Blaster Peak State ------------ > --- POWER ------------ Light Ion Engine > --- PROPULSION ------- Aluminum Leg Aluminum Leg > --- UTILITY ---------- Medium Storage Unit Signal Interpreter > --- WEAPON ----------- Light Assault Rifle Light Assault Rifle > --- INVENTORY -------- Light Ion Engine Light Treads Light Treads Aluminum Leg Aluminum Leg Wheel Compact Wheel Small Storage Unit Medium Laser Grenade Launcher [Rating: 8] Favorites ----------- Power Light Ion Engine Engine Light Ion Engine Propulsion Aluminum Leg Treads Light Treads Leg Aluminum Leg Utility Signal Interpreter Device Cooling System Storage Medium Storage Unit Processor Signal Interpreter Weapon Light Assault Rifle Energy Gun Medium Laser Energy Cannon Particle Cannon Ballistic Gun Light Assault Rifle Ballistic Cannon Light Cannon Launcher Grenade Launcher Build | -11 -10 -10 -9 ------- Run | Scr Mat Min Mat Slots Evolved 2 | . . . 2 Power . | . . . . Propulsion 2 | . . . 2 Utility . | . . . . Weapon . | . . . . Parts Attached 28 | 6 13 3 6 Power 2 | 1 1 . . Engine 2 | 1 1 . . Core . | . . . . Reactor . | . . . . Propulsion 10 | 2 5 2 1 Treads 1 | . . . 1 Leg 9 | 2 5 2 . Wheel . | . . . . Hover . | . . . . Flight . | . . . . Utility 4 | 1 2 . 1 Device 1 | . . . 1 Storage 2 | 1 1 . . Processor 1 | . 1 . . Hackware . | . . . . Protection . | . . . . Artifact . | . . . . Weapon 12 | 2 5 1 4 Energy Gun 3 | . 2 1 . Energy Cannon 2 | . . . 2 Ballistic Gun 2 | 2 . . . Ballistic Cannon 1 | . 1 . . Launcher 4 | . 2 . 2 Special Weapon . | . . . . Impact Weapon . | . . . . Slashing Weapon . | . . . . Piercing Weapon . | . . . . Special Melee Weapon . | . . . . Unidentified Prototypes . | . . . . Parts Lost 13 | . 2 7 4 Power 1 | . . 1 . Propulsion 6 | . 1 4 1 Utility 1 | . . . 1 Weapon 5 | . 1 2 2 Highest Loss Streak 7 | . 2 7 4 To Critical Strikes 1 | . . . 1 Average Slot Usage (%) 87 | . 98 85 39 Engine 11 | . 14 10 . Treads 1 | . . . 9 Leg 22 | . 27 24 . Device 1 | . . . 8 Storage 11 | . 14 12 . Processor 12 | . 13 14 11 Energy Gun 7 | . 9 11 . Energy Cannon 1 | . . . 8 Ballistic Gun 7 | . 9 . . Ballistic Cannon 6 | . 8 11 . Launcher 1 | . . . 2 Naked Turns . | . . . . Heaviest Build 19 | 10 19 18 10 Greatest Support 20 | 20 20 20 20 Greatest Overweight (x) 1 | . 1 . 1 Average Overweight (x) . | . . . . Largest Inventory Capacity 10 | 8 10 10 5 Average Capacity 8 | 6 9 9 5 Most Carried 10 | 6 10 10 4 Average Carried 8 | 3 9 9 3 Final Capacity 10 | 8 10 5 5 Final Carried 10 | 6 10 5 3 Class Distribution -------------------- 100% | Mutant Dominant Class ---------------- Mutant | -10/Materials Mutant | -10/Mines Mutant | -9/Materials Resources | -11 -10 -10 -9 ----------- Run | Scr Mat Min Mat Matter Collected 562 | 227 249 . 86 Remotely . | . . . . Salvage Created 532 | . 446 . 86 Parts 34 | . 32 . 2 Haulers Intercepted 2 | . 2 . . Recyclers Shooed 1 | . . . 1 Parts Field Recycled . | . . . . Retrieved Matter . | . . . . Parts Self-Destructed . | . . . . Prevented . | . . . . Kills | -11 -10 -10 -9 ------- Run | Scr Mat Min Mat Combat Hostiles Destroyed 12 | . 10 . 2 Guns 5 | . 5 . . Cannons 6 | . 4 . 2 AOE 1 | . 1 . . Classes Destroyed 3 | . 3 . . Hauler 2 | . 2 . . Watcher 2 | . 2 . . Grunt 12 | . 10 . 2 Best Kill Streak 3 | . 3 . 2 Combat Bots Only 3 | . 3 . 2 Max Kills in Single Turn 1 | . 1 . 1 Gunslinging . | . . . . Exploded 1 | . 1 . . Melee . | . . . . Uniques/NPCs Destroyed . | . . . . Combat | -11 -10 -10 -9 -------- Run | Scr Mat Min Mat Damage Taken 2060 | . 605 750 705 Core 651 | . 64 183 404 Absorbed by Shields . | . . . . Core Remaining (%) 50 | 100 . 1 . Volleys Fired 68 | . 54 . 14 Largest 2 | . 2 . 2 Hottest 101 | . 85 . 101 Shots Fired 123 | . 108 . 15 Gun 79 | . 79 . . Cannon 34 | . 21 . 13 Launcher 10 | . 8 . 2 Special . | . . . . Kinetic 76 | . 76 . . Thermal 37 | . 24 . 13 Explosive 9 | . 8 . 1 Electromagnetic 1 | . . . 1 Robot Hit Streak 12 | . 12 . 8 Robot Miss Streak 3 | . 3 . 1 Penetration Max . | . . . . Secondary Targets . | . . . . Shots Hit Robots 73 | . 63 . 10 Core Hits 33 | . 28 . 5 Critical Kills . | . . . . Critical Parts Destroyed . | . . . . Critical Strikes 3 | . 3 . . Burn 1 | . 1 . . Blast 2 | . 2 . . Melee Attacks . | . . . . Impact . | . . . . Slashing . | . . . . Piercing . | . . . . Sneak Attacks . | . . . . Combat Hostiles . | . . . . Follow-up Attacks . | . . . . Damage Inflicted 1269 | . 964 . 305 Guns 449 | . 449 . . Cannons 423 | . 202 . 221 Explosions 367 | . 313 . 54 Melee . | . . . . Ramming 30 | . . . 30 Kinetic 525 | . 525 . . Thermal 347 | . 126 . 221 Explosive 320 | . 313 . 7 Electromagnetic 47 | . . . 47 Impact . | . . . . Slashing . | . . . . Piercing . | . . . . Highest Corruption 6 | . 1 6 . Average Corruption 1 | . 1 2 . Corruption Purged . | . . . . Corruption Blocked . | . . . . Effects 8 | . 6 2 . Message Errors 3 | . 2 1 . Heat Flow Errors 3 | . 3 . . Data Loss (minor) 2 | . 1 1 . Overload Shots . | . . . . Overflow Damage 39 | . 8 . 31 Projectiles 32 | . 8 . 24 Explosions 7 | . . . 7 Melee . | . . . . Knockbacks 2 | . 2 . . Impact . | . . . . Kinetic 2 | . 2 . . Secondary . | . . . . Self-Inflicted Damage 70 | . 23 . 47 Shots 2 | . 1 . 1 Rammed 11 | . . . 11 Targets Rammed 11 | . . . 11 Kicked . | . . . . Crushed . | . . . . Highest Temperature 214 | . 214 . 24 Average Temperature 46 | . 47 . 15 Received Heat Transfer 453 | . 345 . 108 Siege Activations . | . . . . Robots Corrupted . | . . . . Combat Hostiles . | . . . . Parts Fried . | . . . . Impact Corruptions . | . . . . Robots Melted . | . . . . Combat Hostiles . | . . . . Parts Melted 2 | . 1 . 1 Heat Transferred 814 | . 444 . 370 Parts Sabotaged . | . . . . Parts Stolen . | . . . . Parts Stripped . | . . . . Power Chain Reactions . | . . . . Missiles Intercepted . | . . . . Alert | -11 -10 -10 -9 ------- Run | Scr Mat Min Mat Peak Influence 275 | . 275 63 125 Initial 63 | . . 63 . Average 61 | . 68 50 54 Maximum Alert Level 1 | . 1 . . Low Security (%) 95 | 100 93 100 100 Level 1 4 | . 6 . . Level 2 . | . . . . Level 3 . | . . . . Level 4 . | . . . . Level 5 . | . . . . High Security . | . . . . Max Security . | . . . . Squads Dispatched 2 | . 2 . . Investigation 1 | . 1 . . Extermination . | . . . . Reinforcement 1 | . 1 . . Assault . | . . . . Garrison . | . . . . Intercept . | . . . . Searches Triggered . | . . . . Construction Impeded . | . . . . Haulers Reinforced . | . . . . Active Scanning Responses . | . . . . Cargo Convoy Interrupts . | . . . . Stealth | -11 -10 -10 -9 --------- Run | Scr Mat Min Mat Distress Signals 2 | . 1 1 . Communications Jammed . | . . . . Distress Signals . | . . . . Times Spotted 37 | . 17 5 15 Peak Tracking Total 8 | . 3 5 8 Tactical Retreats 6 | . 2 . 4 Traps | -11 -10 -10 -9 ------- Run | Scr Mat Min Mat Traps Triggered 2 | . 2 . . Indirectly . | . . . . Trap Hack Attempts . | . . . . Triggered . | . . . . Disarmed . | . . . . Reprogrammed . | . . . . Reused . | . . . . Traps Extracted . | . . . . Installed . | . . . . Triggered . | . . . . Machines | -11 -10 -10 -9 ---------- Run | Scr Mat Min Mat Machines Disabled 3 | . 2 . 1 Max in Single Turn 1 | . 1 . 1 Machines Sabotaged . | . . . . Garrisons Compromised . | . . . . Overloaded Fab Kills . | . . . . Hacking | -11 -10 -10 -9 --------- Run | Scr Mat Min Mat Machines Accessed 5 | . 5 . . Terminals 5 | . 5 . . Fabricators . | . . . . Repair Stations . | . . . . Recycling Units . | . . . . Scanalyzers . | . . . . Garrison Access . | . . . . Total Hacks 19 | . 19 . . Successful 9 | . 9 . . Failed 9 | . 9 . . Catastrophic 1 | . 1 . . Database Lockouts 1 | . 1 . . Manual 19 | . 19 . . Terminals 19 | . 19 . . Fabricators . | . . . . Repair Stations . | . . . . Recycling Units . | . . . . Scanalyzers . | . . . . Garrison Access . | . . . . Terminal Hacks 5 | . 5 . . Robot Analysis 2 | . 2 . . Prototype ID Bank 2 | . 2 . . Terminal Index 1 | . 1 . . Fabricator Hacks . | . . . . Repair Station Hacks . | . . . . Recycling Unit Hacks . | . . . . Scanalyzer . | . . . . Garrison Access Hacks . | . . . . Unauthorized Hacks 4 | . 4 . . Terminals 4 | . 4 . . Botnet 3 | . 3 . . Operators 1 | . 1 . . Fabricators . | . . . . Repair Stations . | . . . . Recycling Units . | . . . . Scanalyzers . | . . . . Garrison Access . | . . . . Data Cores Recovered . | . . . . Used . | . . . . Hacking Detections 6 | . 6 . . Full Trace Events . | . . . . Feedback Events . | . . . . Feedback Blocked . | . . . . Robot Schematics Acquired . | . . . . Robots Built . | . . . . Authchips . | . . . . Time . | . . . . Total Robot Build Rating . | . . . . Part Schematics Acquired . | . . . . Parts Built . | . . . . Authchips . | . . . . Time . | . . . . Total Part Build Rating . | . . . . Parts Repaired . | . . . . Time . | . . . . Parts Recycled . | . . . . Recycled Matter . | . . . . Retrieved Matter . | . . . . Retrieved Components . | . . . . Parts Scanalyzed . | . . . . Part Schematics Acquired . | . . . . Parts Damaged . | . . . . Bothacking | -11 -10 -10 -9 ------------ Run | Scr Mat Min Mat Used RIF Installer . | . . . . Robots Hacked . | . . . . Non-combat . | . . . . Combat . | . . . . Robot Hacks Applied . | . . . . Relay Couplers Released . | . . . . Fabnet Peak Effective % . | . . . . Robots Rewired . | . . . . Allies Hacked . | . . . . Hacks Repelled . | . . . . Allies | -11 -10 -10 -9 -------- Run | Scr Mat Min Mat Total Allies . | . . . . Largest Group . | . . . . Highest-Rated Group . | . . . . Highest-Rated Ally . | . . . . Total Orders . | . . . . Ally Attacks . | . . . . Total Damage . | . . . . Kills . | . . . . Allies Corrupted . | . . . . Allies Melted . | . . . . Intel | -11 -10 -10 -9 ------- Run | Scr Mat Min Mat Robot Analysis Total 2 | . 2 . . Derelict Logs Recovered 1 | . . 1 . Drone Launches . | . . . . Drone Recoveries . | . . . . Exploration | -11 -10 -10 -9 ------------- Run | Scr Mat Min Mat Turns Passed 1706 | 77 1221 104 304 Spaces Moved 1049 | 51 745 88 165 Core 71 | 4 . 8 59 Treads 106 | . . . 106 Legs 872 | 47 745 80 . Wheels . | . . . . Hover . | . . . . Flight . | . . . . Fastest Speed 50 | 50 120 50 50 Average Speed 119 | 114 120 113 120 Slowest Speed 190 | 120 190 120 160 Overloaded Moves . | . . . . Propulsion Burnouts . | . . . . Robots Hopped . | . . . . Cave-ins Triggered . | . . . . Exploration Rate (%) 31 | 4 82 27 11 Regions Visited 3 Branch Regions 1 Pre-discovered Areas 1 | . . 1 . Known Exits Taken 2 | . 1 1 . Unknown Exits Taken 1 | 1 . . . Scrap Searched . | . . . . Spaces Dug . | . . . . Terrain Destroyed 42 | . 41 . 1 Melee . | . . . . Projectile . | . . . . AOE 42 | . 41 . 1 Terrain Rammed . | . . . . Walls Destroyed . | . . . . Machines Disabled . | . . . . Actions | -11 -10 -10 -9 --------- Run | Scr Mat Min Mat Total 1383 | 67 974 91 251 Wait 195 | 3 138 . 54 Move 1046 | 50 744 87 165 Hop . | . . . . Pick Up 21 | 8 12 . 1 Fast Attach 9 | 4 4 . 1 Attach 9 | 2 1 2 4 Detach 1 | . 1 . . Swap 10 | . 8 1 1 Drop 13 | . 12 1 . Fire 68 | . 54 . 14 Melee . | . . . . Ram 6 | . . . 6 Kick . | . . . . Crush 5 | . . . 5 Escape Stasis . | . . . . Rewire . | . . . . Trap . | . . . . Miscellaneous . | . . . . Route ------- -11/Scrapyard -10/Materials (discovered 4 exits: *Mat x3 / *Min) -10/Mines -9/Materials History --------- Turn | Location | Event 3 | -11/Scrapyard | Discovered new exit (range 16) 78 | -11/Scrapyard | Entered Materials 294 | -10/Materials | Discovered new exit (range 9) 320 | -10/Materials | Build established: Mutant 459 | -10/Materials | Discovered new exit (range 16) 582 | -10/Materials | Discovered new exit (range 14) 590 | -10/Materials | Central database locked down 833 | -10/Materials | Discovered new exit (range 14) 1289 | -10/Materials | Identified exit to Mines 1299 | -10/Materials | Entered Mines 1300 | -10/Mines | Assembled infested the area 1313 | -10/Mines | Learned location of Zion (-6) 1389 | -10/Mines | Discovered new exit (range 16) 1395 | -10/Mines | Core integrity fell below 50% 1400 | -10/Mines | Core integrity fell below 20% 1403 | -10/Mines | Identified exit to Materials 1403 | -10/Mines | Entered Materials 1403 | -9/Materials | Evolved 2 slots: Propulsion x2 1430 | -9/Materials | Lost 7 parts (1p4n2w) 1686 | -9/Materials | Core integrity fell below 50% 1700 | -9/Materials | Core integrity fell below 20% 1707 | -9/Materials | Destroyed by S-10 Pest with Light Assault Rifle Last Messages --------------- 01620_ G-47 Trooper destroyed. 01628_ Destroyed Aluminum Leg. 01628_ Sml. Laser melted. 01628_ G-34 Mercenary destroyed. 01630_ Acquired 51 matter. 01632_ Acquired 35 matter. 01635_ Acquired Aluminum Leg. 01654_ Destroyed Flight Unit. 01657_ Slammed into S-10 Pest. 01663_ Cooling System destroyed. 01663_ Slammed into S-10 Pest. 01665_ Critical hit (Destroy). 01665_ Lgt. Treads destroyed. 01665_ Slammed into S-10 Pest. 01670_ Particle Cannon destroyed. 01683_ Slammed into R-06 Scavenger. 01698_ Integration Channel disabled. 01698_ Grenade Launcher destroyed. 01698_ Destroyed Grenade Launcher. 01707_ Slammed into S-10 Pest. Map ----- +----------------------------------------------------+ | ?????????????????????????????????????????????????? | | ?????????????????????????????????????????????????? | | ?????????????????????????????????????????????????? | | ?????????????????????????????????????????????????? | | ?????????????????????????????????????????????????? | | ?????????????????????????????????????????????????? | | ?????????????????????????????????????????????????? | | ?????????????????????????????????????????????????? | | ?????????????????????????????????????????????????? | | ??????????????????????###########????????????????? | | ??????????????????????# #????????????????? | | ??????????????????????# #????????????????? | | ??????????????????????# ##???????????????? | | ??????????????????????# ##?? #??????????? | | ??????????????????????# # ?????????? | | ??????????????????????# Y #? ?????????? | | ??????????????????????# """ #? [??????? | | ??????????????????????# "" + ??? ???????? | | ??????????????????????# """ # ???????????? | | ??????????????????????# "" + ??????????? | | ??????????????????????# "" #? ?????????????? | | ??????????????????????# g " #??##????????????? | | ??????????????????????# ""s #????????????????? | | ??????????????????????#s"T #??????????????### | | ??????????????????????#s"" #??????????????# | | ??????????????????????# @sl #??????????????# | | ??????????????????????######/####??????????????# | | ???????????????????????????# #?????????????????# S | | ???????????????????????????# #?????????????????# " | | ???????????????????????????# #?????????????##### | | ???????????????????????????# #?????????????# ##+ | | ???????????????????????????# #?########????# | | ???????????????????????????# #?# #????# ### | | ???????????????????????????# #?# T #????## ##?? | | ???????????????????????????# #?# #?????# #??? | | ???????????????????????????# #?# #?????#=#### | | ???????????????????????????# #?# ! #?????# # | | ???????????????????????????# #??? ??????# # | | ???????????????????????????# ######+######### # | | ???????????????????????????# # | | ???????????????????????????# + | | ?????????????????????????? + # " | | ???????????????????????????###+#########+## # " | | ?????????????????????????????????????? # # " | | ???????????????????????????????????? # # | | ???????????????????????????????????# # #### | | ???????????????????????????????????# # #??? | | ???????????????????????????????????# # #??? | | ???????????????????????????????????# # #??? | | ???????????????????????????????????# #####??? | +----------------------------------------------------+ Best States ------------- Heat Dissipation 50 Energy Generation 10 Energy Capacity 125 Matter Stores 300 Matter Capacity 300 Sight Range 16 Terrain Scan Density 10 Evasion (%) 55 Recoil Reduction 1 Item Schematics ----------------- None Robot Schematics ------------------ None Fabricated ------------ Nothing Alien Tech Used ----------------- None Achievements -------------- None Challenges ------------ None Game ------ Seed RagnarokSpectralTerrabomb Manual? 0 Play Time 00:30:17 Cumulative 47.7 hours Start 2022.10.17 @ 18:29:58 End 2022.10.18 @ 18:48:37 Sessions 2 Manual Loads 0 Difficulty Rogue Special Mode None Game No. 42 Rogue 42 Adventurer 0 Explorer 0 Win Type - Total 0 Types 0/0/0/0/0/0/0/0/0 Lore% 29 Gallery% 37 Achievement% 30 Wizard Run 0 Options --------- ASCII 0 Keyboard 1 Movement Numpad Keybinds 0 Fullscreen 2 Font 18/SmallcapsGlow Map View 76x50 Tactical HUD 1 Map Filters NONE Filters NONE Steam 1 RUN: a4f27b49-655e-4ebc-bd9a-264e73f794da